 Dungeon Crawl Stone Soup version 0.32-a0-32-g978bd804de (webtiles) character file.

Game seed: 10407641657633772665

19352 shadizar the Blocker (level 12, -1/94 (97) HPs)
             Began as a Gnoll Fighter on Jan 20, 2024.
             Was a Priest of Okawaru.
             Slain by an ogre
             ... wielding a +0 giant spiked club
              (28 damage)
             ... on level 1 of the Orcish Mines.
             The game lasted 00:26:59 (13322 turns).

shadizar the Blocker (Gnoll Fighter)               Turns: 13322, Time: 00:26:59

HP:   -1/94 (97)    AC: 32    Str: 28    XL:     12   Next: 68%
MP:   21/23         EV: 12    Int:  7    God:    Okawaru [***...]
Gold: 519           SH:  8    Dex: 12    Spells: 26/26 levels left

rFire   . . .        y - +1 eveningstar
rCold   . . .        c - +0 buckler
rNeg    + . .        F - +10 plate armour of Chimes {Harm rElec rN+ rCorr}
rPois   +            (no helmet)
rElec   +            (no cloak)
rCorr   +            G - +0 pair of gloves of Qieddune {-Cast Str+7}
SInv    .            (no boots)
Will    .....        I - amulet of the acrobat
Stlth   +            p - +4 ring of protection
HPRegen 0.35/turn    u - ring of poison resistance
MPRegen 0.18/turn

%: no spellcasting, harm (+30% outgoing, +20% incoming), acrobat
@: heroic, lightly drained
A: fangs 1, strong nose, distributed training
a: Renounce Religion, Heroism


You were on level 1 of the Orcish Mines.
You worshipped Okawaru.
Okawaru was most pleased with you.
You visited 3 branches of the dungeon, and saw 13 of its levels.
You also visited: Ossuary.

You collected 1344 gold pieces.
You spent 825 gold pieces at shops.

Inventory:

Hand Weapons
 a - the +9 shortbow of Doom {flame, rPois rCorr Dex-5 SInv}
   (You acquired it on level 5 of the Dungeon)

   Dex-5:     It affects your dexterity (-5).
   rPois:     It protects you from poison SInv: It lets you see invisible.
   rCorr:     It protects you from acid and corrosion.
 e - a +2 short sword of venom
 h - a +2 dire flail of protection
 o - a +1 spectral quarterstaff
 w - a +2 war axe of draining
 y - a +1 eveningstar (weapon)
 B - a +1 morningstar of freezing
 C - the +9 staff of Olgreb {rPois∞}
   (You found it on level 6 of the Dungeon)

   Radiate:   It can be activated via the 'a'bility menu to radiate toxic
   energy, with effectiveness depending on Evocations skill.
   Alch:      It enhances your alchemy magic.
   rPois∞: It grants immunity to poison.
 H - the +7 halberd "Waschizxu" {flame, Str-2 Int+4 SInv}
   (You found it on level 9 of the Dungeon)

   Str-2:     It affects your strength (-2).
   Int+4:     It affects your intelligence (+4).
   SInv:      It lets you see invisible.
 J - a +2 morningstar of pain
Armour
 c - a +0 buckler (worn)
 F - the +10 plate armour of Chimes (worn) {Harm rElec rN+ rCorr}
   (You bought it in a shop on level 2 of the Dungeon)

   rElec:     It insulates you from electricity.
   rN+:       It protects you from negative energy.
   rCorr:     It protects you from acid and corrosion.
   Harm:      It increases damage dealt and taken.
 G - the +0 pair of gloves of Qieddune (worn) {-Cast Str+7}
   (You bought it in a shop on level 2 of the Dungeon)

   Str+7:     It affects your strength (+7).
   -Cast:     It prevents spellcasting.
Jewellery
 l - a ring of ice
 p - a +4 ring of protection (left hand)
 t - a ring of fire
 u - a ring of poison resistance (right hand)
 E - a ring of willpower
 I - an amulet of the acrobat (around neck)
Wands
 m - a wand of iceblast (20)
 s - a wand of polymorph (5)
 x - a wand of acid (7)
Scrolls
 b - 7 scrolls of teleportation
 i - a scroll of fear
 r - a scroll of silence
Potions
 d - 3 potions of might
 g - 3 potions of curing
 j - 6 potions of brilliance
 k - a potion of magic {unknown}
 n - 5 potions of haste
 q - 7 potions of heal wounds
 v - 2 potions of invisibility {unknown}
 z - a potion of ambrosia
 A - a potion of resistance


   Skills:
 + Level 10.2(15.2) Fighting
 + Level 7.8(12.8) Short Blades
 + Level 7.8(12.8) Long Blades
 + Level 7.8(12.8) Axes
 + Level 9.1(14.1) Maces & Flails
 + Level 7.8(12.8) Polearms
 + Level 7.8(12.8) Staves
 + Level 7.8(12.8) Ranged Weapons
 + Level 7.8(12.8) Throwing
 + Level 10.2(15.2) Armour
 + Level 7.8(12.8) Dodging
 + Level 7.8(12.8) Stealth
 + Level 10.2(15.2) Shields
 + Level 7.8(12.8) Unarmed Combat
 + Level 7.8 Spellcasting
 + Level 6.5 Conjurations
 + Level 6.5 Hexes
 + Level 6.5 Summonings
 + Level 6.5 Necromancy
 + Level 6.5 Translocations
 + Level 6.5 Fire Magic
 + Level 6.5 Ice Magic
 + Level 6.5 Air Magic
 + Level 6.5 Earth Magic
 + Level 6.5 Alchemy
 + Level 8.5 Invocations
 + Level 7.8 Evocations
 + Level 7.1 Shapeshifting


You had 26 spell levels left.
You didn't know any spells.
Your spell library contained the following spells:

 Spells                   Type           Power      Damage    Failure   Level
 Foxfire                  Conj/Fire      44%        2x1d6     10%         1
 Inner Flame              Hex/Fire       11%        N/A       28%         3
 Cause Fear               Hex            5%         N/A       67%         4
 Fireball                 Conj/Fire      5%         3d5       95%         5
 Irradiate                Conj/Alch      5%         3d13      95%         5
 Plasma Beam              Fire/Air       5%         2x1d16    100%        6
 Starburst                Conj/Fire      5%         6d4       100%        6
 Ignition                 Fire           5%         3d4       100%        8
 Dragon's Call            Summ           Unusable   N/A       N/A         9

Dungeon Overview and Level Annotations

Branches:
Dungeon (10/15)            Temple (1/1) D:6             Orc (2/2) D:10
Ossuary (visited)
   Lair: D:8-11         Elf: Orc:2

Altars:
Ashenzari
Cheibriados
Dithmenos
Elyvilon
Fedhas
Gozag
Hepliaklqana
Kikubaaqudgha
Makhleb
Nemelex Xobeh
Okawaru
Qazlal
Ru
Sif Muna
Trog
Uskayaw
Vehumet
Wu Jian
Xom
Yredelemnul
Zin
The Shining One

Shops:
D:2 *   D:5 *   D:9 !

Annotations:
Orc:2 Azrael


Innate Abilities, Weirdness & Mutations

You have very sharp teeth.
Your uncanny sense of smell can sniff out nearby items.
Your experience applies equally to all skills.


Message History

You sock the ogre!
The ogre is severely wounded.
You block the ogre's attack.
You impale the ogre!!
You kill the ogre!
Okawaru accepts your kill.
You bludgeon the ogre!!
You kill the ogre!
Okawaru accepts your kill.
No target in view!
No target in view!
No target in view!
There is a stone staircase leading down, spattered with blood here.
Items here: ))) [ ÷ †.
You feel like a meek peon again.
HP restored.
Partly explored, can't reach some places.
There is a stone staircase leading down, spattered with blood here.
You climb downwards.
Level annotation: Azrael The orc warrior closely misses you.
You block the orc warrior's attack. Azrael gestures at you.
The bolt of fire hits you!! The ogre hits you but does no damage.
There is a stone staircase leading up, spattered with blood here.
Unknown command.
Azrael gestures at you.
The bolt of fire hits the hell hound.
The hell hound completely resists.
The bolt of fire hits you!!
The orc warrior hits you with a +0 dire flail.
* * * LOW HITPOINT WARNING * * *
You climb upwards.
There is a stone staircase leading down, spattered with blood here.
You are too injured to fight recklessly!
You are too injured to fight recklessly!
You are too injured to fight recklessly!
You are too injured to fight recklessly!
You gain the combat prowess of a mighty hero.
You can no longer speed up your combat.
The ogre hits you with a +0 giant spiked club!!
You die...

##...#............#
#....##.#..#.....##
#.....###.......##
#......#.....)..##
##.............>..#
#.............[..## ###
##..........#.#### ##.##
####....).....#.####...#
##.......@).......#..#.##
#.......oO).##..........#
#............#....#..#..##
##...........÷[..#.......#
#...[...................##
##..............#.......#
##.#....................##
##..........#.............#
###.#.#..#...#########.....##


You could see an orc warrior and an ogre.

Vanquished Creatures
  An ogre mage (Orc:1)
  2 two-headed ogres
  5 orc knights
  2 orc sorcerers
  Maggie (D:8)
  A kobold demonologist (D:9)
  Psyche (D:8)
  4 trolls
  Sigmund (D:6)
  10 yaks
  A fire elemental (Orc:1)
  4 vampire mosquitoes (D:10)
  A redback (D:6)
  3 steam dragons
  3 wargs
  Edmund (D:6)
  10 two-headed ogre zombies (Orc:1)
  6 water moccasins
  13 orc warriors
  3 hell hounds (Orc:1)
  2 black bears
  A sky beast (D:6)
  4 ice beasts
  16 ogres
  4 kobold brigands
  A gnoll sergeant (D:9)
  2 bullfrogs (D:6)
  15 scorpions
  9 wights
  31 killer bees
  An electric eel (Orc:1)
  A bombardier beetle (D:5)
  A howler monkey (D:5)
  2 hounds
  5 orc priests
  Terence (D:2)
  6 sleepcaps
  Jessica (D:2)
  2 iguanas (D:6)
  11 orc wizards
  9 mummies
  10 adders
  8 gnolls
  4 white imps
  2 dart slugs
  2 ribbon worms
  30 orcs
  6 bats
  3 endoplasms
  3 giant cockroaches
  11 goblins
  3 hobgoblins
  5 jackals
  18 kobolds
  4 quokkas
  3 ball pythons (D:3)
  2 frilled lizards (D:1)
  2 hobgoblin zombies (Ossuary)
  5 kobold zombies
  3 orc zombies
  4 rats
326 creatures vanquished.

Vanquished Creatures (others)
  An orc (Orc:1)
1 creature vanquished.

Grand Total: 327 creatures vanquished

Notes
Turn   | Place    | Note
-------+----------+-------------------------------------------
     0 | D:1      | shadizar the Gnoll Fighter began the quest for the Orb.
     0 | D:1      | Reached XP level 1. HP: 23/23 MP: 1/1
   226 | D:1      | Reached XP level 2. HP: 29/29 MP: 2/2
   898 | D:1      | Reached XP level 3. HP: 32/35 MP: 3/3
  1161 | D:2      | Reached skill level 1 in Invocations
  1247 | D:2      | Reached skill level 1 in Short Blades
  1247 | D:2      | Reached skill level 1 in Long Blades
  1247 | D:2      | Reached skill level 1 in Axes
  1247 | D:2      | Reached skill level 1 in Polearms
  1247 | D:2      | Reached skill level 1 in Staves
  1247 | D:2      | Reached skill level 1 in Ranged Weapons
  1247 | D:2      | Reached skill level 1 in Throwing
  1247 | D:2      | Reached skill level 1 in Dodging
  1247 | D:2      | Reached skill level 1 in Stealth
  1247 | D:2      | Reached skill level 1 in Unarmed Combat
  1247 | D:2      | Reached skill level 1 in Spellcasting
  1247 | D:2      | Reached skill level 1 in Evocations
  1281 | D:2      | Found Kepta's Assorted Antiques.
  1288 | D:2      | Noticed Jessica
  1302 | D:2      | Killed Jessica
  1303 | D:2      | Reached skill level 1 in Shapeshifting
  1303 | D:2      | Reached XP level 4. HP: 41/41 MP: 5/5
  1366 | D:2      | Noticed Terence
  1372 | D:2      | Reached skill level 1 in Conjurations
  1372 | D:2      | Reached skill level 1 in Hexes
  1372 | D:2      | Reached skill level 1 in Summonings
  1372 | D:2      | Reached skill level 1 in Necromancy
  1372 | D:2      | Reached skill level 1 in Translocations
  1372 | D:2      | Reached skill level 1 in Fire Magic
  1372 | D:2      | Reached skill level 1 in Ice Magic
  1372 | D:2      | Reached skill level 1 in Air Magic
  1372 | D:2      | Reached skill level 1 in Earth Magic
  1372 | D:2      | Reached skill level 1 in Alchemy
  1383 | D:2      | Killed Terence
  1592 | D:2      | Reached XP level 5. HP: 41/47 MP: 7/7
  2240 | D:3      | Found a faded altar of an unknown god.
  2598 | D:4      | Reached XP level 6. HP: 53/53 MP: 8/8
  2606 | D:4      | Found a sand-covered staircase.
  2653 | Ossuary  | Entered an ossuary
  2759 | Ossuary  | Reached skill level 5 in Maces & Flails
  3849 | D:5      | Entered Level 5 of the Dungeon
  3849 | D:5      | Noticed a black bear
  3965 | D:5      | Identified a scroll of acquirement
  3965 | D:5      | Acquired the +9 shortbow of Doom {flame, rPois rCorr Dex-5
                  | SInv}
  3969 | D:5      | Found Gathrop's Gadget Gallery.
  3994 | D:5      | Noticed a water moccasin
  4007 | D:5      | Killed a water moccasin
  4008 | D:5      | Reached XP level 7. HP: 42/60 MP: 10/10
  4728 | D:6      | Noticed Edmund
  4739 | D:6      | Killed Edmund
  4740 | D:6      | Reached XP level 8. HP: 50/67 MP: 12/12
  4836 | D:6      | Found a runed translucent gate.
  4838 | D:6      | Found a runed translucent gate.
  4838 | D:6      | Found a runed translucent gate.
  4848 | D:6      | Found a runed translucent door.
  4858 | D:6      | Found the +9 staff of Olgreb {rPois∞}
  4867 | D:6      | Noticed Sigmund
  4942 | D:6      | Killed Sigmund
  5156 | D:6      | Found a runed translucent door.
  5511 | D:6      | Reached XP level 9. HP: 73/73 MP: 14/14
  5701 | D:6      | Found a staircase to the Ecumenical Temple.
  5710 | Temple   | Entered the Ecumenical Temple
  6248 | D:7      | Reached skill level 5 in Invocations
  7217 | D:8      | Noticed Maggie
  7228 | D:8      | Killed Maggie
  7229 | D:8      | Reached skill level 5 in Short Blades
  7229 | D:8      | Reached skill level 5 in Long Blades
  7229 | D:8      | Reached skill level 5 in Axes
  7229 | D:8      | Reached skill level 5 in Polearms
  7229 | D:8      | Reached skill level 5 in Staves
  7229 | D:8      | Reached skill level 5 in Ranged Weapons
  7229 | D:8      | Reached skill level 5 in Throwing
  7229 | D:8      | Reached skill level 5 in Dodging
  7229 | D:8      | Reached skill level 5 in Stealth
  7229 | D:8      | Reached skill level 5 in Unarmed Combat
  7229 | D:8      | Reached skill level 5 in Spellcasting
  7229 | D:8      | Reached skill level 5 in Evocations
  7229 | D:8      | Reached XP level 10. HP: 56/81 MP: 17/17
  7357 | D:8      | Noticed Psyche
  7363 | D:8      | Killed Psyche
  7642 | D:8      | Noticed a two-headed ogre
  7662 | D:8      | Killed a two-headed ogre
  7952 | D:8      | Reached skill level 5 in Shapeshifting
  8637 | D:2      | Bought a translucent plate armour for 616 gold pieces
  8637 | D:2      | Identified the +10 plate armour of Chimes {Harm rElec rN+
                  | rCorr} (You bought it in a shop on level 2 of the Dungeon)
  8637 | D:2      | Bought a pair of scorched gloves for 209 gold pieces
  8637 | D:2      | Identified the +0 pair of gloves of Qieddune {-Cast Str+7}
                  | (You bought it in a shop on level 2 of the Dungeon)
  8965 | D:9      | Found Aqaont's Distillery.
  9041 | D:9      | Found a shadowy altar of Dithmenos.
  9043 | D:9      | Found a sacrificial altar of Ru.
  9323 | D:9      | Noticed a two-headed ogre
  9323 | D:9      | Noticed a kobold demonologist
  9332 | D:9      | Noticed an orange demon
  9332 | D:9      | Killed a two-headed ogre
  9333 | D:9      | Reached skill level 5 in Conjurations
  9333 | D:9      | Reached skill level 5 in Hexes
  9333 | D:9      | Reached skill level 5 in Summonings
  9333 | D:9      | Reached skill level 5 in Necromancy
  9333 | D:9      | Reached skill level 5 in Translocations
  9333 | D:9      | Reached skill level 5 in Fire Magic
  9333 | D:9      | Reached skill level 5 in Ice Magic
  9333 | D:9      | Reached skill level 5 in Air Magic
  9333 | D:9      | Reached skill level 5 in Earth Magic
  9333 | D:9      | Reached skill level 5 in Alchemy
  9335 | D:9      | Noticed a smoke demon
  9338 | D:9      | Reached XP level 11. HP: 81/89 MP: 20/20
  9431 | D:9      | Identified the +7 halberd "Waschizxu" {flame, Str-2 Int+4
                  | SInv}
  9593 | D:9      | Found a shimmering blue altar of Sif Muna.
  9593 | D:9      | Found a shimmering altar of Xom.
  9594 | D:9      | Found an iron altar of Okawaru.
  9595 | D:9      | Found a glowing silver altar of Zin.
  9599 | D:9      | Found a bloodstained altar of Trog.
  9717 | D:9      | Became a worshipper of Warmaster Okawaru
  9784 | D:10     | Entered Level 10 of the Dungeon
  9950 | D:10     | Reached * piety under Okawaru
 10436 | D:10     | Found a staircase to the Orcish Mines.
 10776 | D:6      | Reached ** piety under Okawaru
 10931 | Orc:1    | Entered Level 1 of the Orcish Mines
 10931 | Orc:1    | Noticed an orc sorcerer
 10967 | Orc:1    | Noticed an orc knight
 10973 | D:10     | Killed an orc sorcerer
 11225 | Orc:1    | Noticed an orc knight
 11304 | D:10     | Killed an orc knight
 11323 | Orc:1    | Noticed an orc knight
 11324 | Orc:1    | Noticed an orc knight
 11340 | D:10     | Killed an orc knight
 11341 | D:10     | Reached XP level 12. HP: 20/97 MP: 22/22
 11666 | Orc:1    | Reached *** piety under Okawaru
 12000 | Orc:1    | Noticed an ogre mage
 12006 | Orc:1    | Killed an ogre mage
 12114 | Orc:1    | Reached skill level 10 in Fighting
 12114 | Orc:1    | Reached skill level 10 in Armour
 12114 | Orc:1    | Reached skill level 10 in Shields
 12277 | Orc:2    | Entered Level 2 of the Orcish Mines
 12701 | Orc:2    | Noticed a two-headed ogre
 12723 | Orc:1    | Reached **** piety under Okawaru
 12831 | Orc:2    | Noticed a two-headed ogre
 12855 | Orc:2    | Noticed Azrael
 13086 | Orc:2    | Noticed a sun demon
 13322 | Orc:1    | Slain by an ogre

Illustrated notes

Levels and vault maps discovered:
D:1:      lightli_molten_gateway, layout_basic
D:2:      layout_basic, serial_shops, shop, minmay_gold_behind_fungi,
          mrwooster_statue_mirror, uniq_jessica, uniq_terence
D:3:      layout_loops_ring, chequers_ecumenical_altar_lobes, minivault_19
D:4:      layout_cave_pools, nicolae_ossuary_entry_giza
D:5:      layout_cave_pools, nicolae_shop_gadgets
D:6:      hangedman_cross_stitches, layout_basic,
          minmay_temple_entry_antechambers,
          minmay_guarded_unrand_staff_of_olgreb, uniq_sigmund, uniq_edmund
D:7:      layout_basic, roderic_serpentine_path
D:8:      layout_gridville, uniq_psyche, uniq_maggie
D:9:      layout_basic, mainiacjoe_overflow_catwalk_spiral, minitemple,
          serial_shops, nicolae_shop_industrial_runoff
D:10:     layout_basic, david_orc_3
Temple:   nicolae_temple_bog_church
Orc:1:    lemuel_ogre_cave, layout_caves, mines4_lemuel, uniq_erolcha, uniq_urug
Orc:2:    grunt_orc_cross, layout_caves, basic_altar, uniq_azrael

Skill      XL: |  1  2  3  4  5  6  7  8  9 10 11 12 |
---------------+-------------------------------------+-----
Invocations    | 1 2 3 4 5 6 7 8 |  8.5
Short Blades   | 1 2 3 5 6 7 |  7.8
Long Blades    | 1 2 3 5 6 7 |  7.8
Axes           | 1 2 3 5 6 7 |  7.8
Polearms       | 1 2 3 5 6 7 |  7.8
Staves         | 1 2 3 5 6 7 |  7.8
Ranged Weapons | 1 2 3 5 6 7 |  7.8
Throwing       | 1 2 3 5 6 7 |  7.8
Dodging        | 1 2 3 5 6 7 |  7.8
Stealth        | 1 2 3 5 6 7 |  7.8
Unarmed Combat | 1 2 3 5 6 7 |  7.8
Spellcasting   | 1 2 3 5 6 7 |  7.8
Evocations     | 1 2 3 5 6 7 |  7.8
Shapeshifting  | 1 2 3 4 5 6 7 |  7.1
Conjurations   | 1 2 3 4 5 6 |  6.5
Hexes          | 1 2 3 4 5 6 |  6.5
Summonings     | 1 2 3 4 5 6 |  6.5
Necromancy     | 1 2 3 4 5 6 |  6.5
Translocations | 1 2 3 4 5 6 |  6.5
Fire Magic     | 1 2 3 4 5 6 |  6.5
Ice Magic      | 1 2 3 4 5 6 |  6.5
Air Magic      | 1 2 3 4 5 6 |  6.5
Earth Magic    | 1 2 3 4 5 6 |  6.5
Alchemy        | 1 2 3 4 5 6 |  6.5
Maces & Flails | 5 6 7 8 9 |  9.1
Fighting       | 7 8 9 10 | 10.2
Armour         | 7 8 9 10 | 10.2
Shields        | 7 8 9 10 | 10.2

Action                     |  1- 3 |  4- 6 |  7- 9 | 10-12 || total
---------------------------+-------+-------+-------+-------++-------
  Melee: Flail             |   110 |    71 |       |       ||   181
         Bite              |     6 |    28 |    29 |    80 ||   143
         Short sword       |       |   171 |       |       ||   171
         Eveningstar       |       |    10 |   293 |   650 ||   953
 Invoke: Heroism           |       |       |       |    16 ||    16
    Use: Scroll            |       |    16 |     4 |     5 ||    25
         Potion            |       |       |     3 |     1 ||     4
 Armour: Scale mail        |    79 |       |       |       ||    79
         Plate armour      |     9 |   165 |   274 |   670 ||  1118
         Skin              |       |       |     3 |       ||     3
  Dodge: Dodged            |    56 |    64 |   111 |   356 ||   587
  Block: Buckler           |    35 |    50 |    80 |   259 ||   424

Table legend: (Time is in decaauts)
 A = Elapsed time spent in this place.
 B = Non-inter-level travel time spent in this place.
 C = Inter-level travel time spent in this place.
 D = Time resting spent in this place.
 E = Time spent auto-exploring this place.
 F = Levels seen in this place.
 G = Mean time per level.
                   A        B        C        D        E       F      G
               +--------+--------+--------+--------+--------+-----+--------+
         Total |  13457 |  12877 |    580 |      0 |   9091 |  14 |  961.2 |
       Dungeon |  11180 |  10601 |    579 |      0 |   7853 |  10 | 1118.0 |
        Temple |      1 |      1 |      0 |      0 |      0 |   1 |    1.0 |
  Orcish Mines |   1537 |   1537 |      0 |      0 |    798 |   2 |  768.5 |
       Ossuary |    737 |    737 |      0 |      0 |    440 |   1 |  737.0 |
               +--------+--------+--------+--------+--------+-----+--------+

Top non-repeatable levels by time:
    D:10: 1728 daAuts
     D:6: 1587 daAuts
   Orc:1: 1509 daAuts
     D:8: 1361 daAuts
     D:7: 1306 daAuts
     D:9: 1056 daAuts
     D:1: 1032 daAuts
     D:4: 891 daAuts
     D:2: 842 daAuts
 Ossuary: 737 daAuts
     D:5: 699 daAuts
     D:3: 673 daAuts
   Orc:2: 28 daAuts
  Temple: 1 daAuts
